[Event "5th Ordu Open 2019"]
[Site "Ordu"]
[Date "2019.04.30"]
[Round "2.3"]
[White "Eren, Ataberk"]
[Black "Mgeladze, Tamaz"]
[Result "1/2-1/2"]
[ECO "E73"]
[WhiteElo "2256"]
[BlackElo "2396"]
[Annotator "NA"]
[PlyCount "180"]
[EventDate "2019.04.29"]
[EventType "swiss"]
[EventCountry "TUR"]
[SourceTitle "playchess.com"]
[Source "ChessBase"]
[SourceQuality "1"]
[TimeControl "5400+30"]

1. d4 Nf6 2. c4 g6 3. Nc3 Bg7 4. e4 d6 5. Be2 O-O 6. Bg5 Na6 7. Qd2 Qe8 8. f3 e5 9. d5 Nh5 10. Bd1 f5 {[%emt 0:01:00] E73: King's Indian: Averbakh Variation without 6...c5} 11. Nge2 f4 12. Bh4 g5 13. Bf2 ({Don't go for} 13. Bxg5 $2 Qg6 $17) 13... g4 14. Ba4 $146 ({Predecessor:} 14. Nc1 Nf6 15. Nd3 c6 16. Be2 Nc7 17. dxc6 bxc6 18. O-O-O {½-½ (29) Lakatos,S (2394)-Falatowicz,P (2386) ICCF email 2016}) 14... Qg6 15. O-O-O (15. Rg1 $1 $11) 15... gxf3 16. gxf3 Qg2 $1 {[%emt 0:00:30] Double Attack} 17. Rhf1 Qxf3 18. Bh4 (18. Ng1 $15 Qg2 19. Bh4 Qxd2+ 20. Rxd2) 18... Qh3 19. Be7 Rf7 20. Ng1 Qe3 (20... Qg4 $19 {is more deadly.} 21. h3 Qg6) 21. Qxe3 fxe3 22. Rxf7 Kxf7 23. Bg5 Nf4 24. Nce2 (24. Rf1 $15) 24... Nxe2+ 25. Nxe2 Bg4 26. Re1 Nb4 27. Bc2 Nxa2+ 28. Kd1 Nb4 29. Bb1 Rg8 30. Bxe3 Bf6 31. Rf1 Ke7 32. Rg1 Rg6 33. Kd2 Bd7 34. Bxa7 b6 35. Rxg6 hxg6 36. Kc3 Na6 37. b4 Kd8 38. Bd3 Kc8 39. c5 Nxb4 40. c6 $1 ({Much weaker is} 40. Kxb4 dxc5+ 41. Kb3 Kb7 $17) 40... Nxc6 41. Ba6+ Kd8 42. dxc6 Bxc6 43. Kd3 d5 44. Nc3 dxe4+ 45. Nxe4 Be7 46. Nd2 Kd7 47. Nc4 e4+ 48. Ke2 Bf6 49. Ke3 Ke6 50. Bb8 Bg5+ 51. Kd4 Bf6+ 52. Ke3 Kd7 53. Ba7 Ke6 54. Bb8 Bd8 55. Bc8+ Kd5 56. Ba6 Bd7 57. Ke2 Bg4+ 58. Kf2 Kd4 59. Na3 Bh4+ 60. Kf1 c6 61. Nc2+ Kc5 62. Be2 Bh3+ 63. Kg1 b5 64. Ba7+ Kd6 65. Be3 Bd7 66. Bf2 Bf6 67. Bg3+ Kd5 68. Kf2 c5 69. Ke1 c4 70. Bf2 Be6 71. Kd2 Bb2 72. Ne3+ Kd6 73. Kc2 (73. h4 $11) 73... Bf6 74. Nf1 b4 75. Nd2 b3+ 76. Kc1 $2 (76. Kd1 $17 b2 77. Bxc4 (77. Kc2 $2 e3 $19 {[%mdl 64] Double Attack}) 77... b1=Q+ {[%mdl 64] Deflection} 78. Nxb1 Bxc4 79. Na3) 76... Bg5 77. Kd1 b2 $2 (77... Bxd2 $1 $19 78. Kxd2 b2) 78. Nxe4+ {[%emt 0:00:36] Double Attack} Kc6 79. Kc2 Bf5 80. Kxb2 Bxe4 81. Bxc4 Bf4 82. h4 Bd2 83. Bf7 Kd6 84. h5 g5 85. Bg6 $11 Bxg6 86. hxg6 Ke6 87. Bd4 g4 88. Kc2 Bh6 89. Kd3 Kf5 90. g7 Bxg7 1/2-1/2

[Event "5th Ordu Open 2019"]
[Site "Ordu"]
[Date "2019.04.30"]
[Round "2.4"]
[White "Odeev, Handszar"]
[Black "Akhvlediani, Irakli"]
[Result "1/2-1/2"]
[ECO "A36"]
[WhiteElo "2394"]
[BlackElo "2261"]
[Annotator "NA"]
[PlyCount "68"]
[EventDate "2019.04.29"]
[EventType "swiss"]
[EventCountry "TUR"]
[SourceTitle "playchess.com"]
[Source "ChessBase"]
[SourceQuality "1"]
[TimeControl "5400+30"]

1. c4 g6 2. g3 Bg7 3. Bg2 Nf6 4. Nc3 O-O 5. d3 d6 6. e4 c5 7. Nge2 Nc6 8. O-O e5 9. h3 Nd4 10. Nxd4 ({Better is} 10. Rb1 $14) 10... cxd4 {[%emt 0:00:30] A36: Symmetrical English vs ...g6: 4 Bg2 Bg7} 11. Ne2 Nd7 12. f4 f5 (12... a5 $15) 13. b4 $146 ({Predecessor:} 13. exf5 $11 Rxf5 (13... gxf5 14. b4 a5 15. Bd2 axb4 16. Bd5+ Kh8 17. fxe5 Bxe5 18. Bh6 Re8 {0-1 (36) Lozano Ramirez,N (2051)-De Arco,L (2248) Bogota 2012}) 14. Bd2) 13... fxe4 14. Bxe4 a5 $1 15. Ba3 axb4 16. Bxb4 Nc5 17. Bg2 Bf5 18. Bxc5 dxc5 19. g4 Be6 20. Qb3 ({Better is} 20. Bxb7 $15 Rb8 21. Bg2) 20... Rb8 21. Qb5 Qc7 22. Rab1 exf4 23. Qb6 Qe5 24. Nxf4 Bxg4 25. Rbe1 Qg5 26. Qd6 Rbd8 27. Qe7 Bf6 28. Qxb7 Be5 $14 (28... Bc8 $11 29. Qb6 Be5) 29. h4 Qf6 30. Nd5 Qxh4 31. Rxf8+ Rxf8 32. Rxe5 Qf2+ 33. Kh1 Qh4+ 34. Kg1 Qf2+ 1/2-1/2

[Event "5th Ordu Open 2019"]
[Site "Ordu"]
[Date "2019.04.30"]
[Round "2.5"]
[White "Isik, Alparslan"]
[Black "Pacher, Milan"]
[Result "0-1"]
[ECO "D02"]
[WhiteElo "2233"]
[BlackElo "2391"]
[Annotator "NA"]
[PlyCount "74"]
[EventDate "2019.04.29"]
[EventType "swiss"]
[EventCountry "TUR"]
[SourceTitle "playchess.com"]
[Source "ChessBase"]
[SourceQuality "1"]
[TimeControl "5400+30"]

1. d4 Nf6 2. Bf4 d5 3. e3 c5 4. c3 Nc6 5. Nd2 e6 6. Ngf3 cxd4 7. exd4 {[%emt 0:00:00] D02: 1 d4 d5 2 Nf3 sidelines, including 2...Nf6 3 g3 and 2...Nf6 3 Bf4} Nh5 8. Be3 (8. Bg5 f6 9. Be3 Bd6 10. g3 O-O 11. Nh4 g6 12. Be2 Ng7 13. O-O e5 14. dxe5 fxe5 {½-½ (59) Aronian,L (2767)-Nakamura,H (2777) chess.com INT 2018}) 8... Bd6 9. Ne5 g6 10. Nd3 O-O 11. Be2 Ng7 12. Bf4 $146 ({Predecessor:} 12. O-O Qc7 13. g3 Nf5 14. Bf4 b6 {½-½ (55) Nguyen,N (2629)-Ganguly,S (2668) Doha 2016}) 12... f6 13. Bxd6 Qxd6 14. f4 Nf5 15. Qc1 Ne3 16. Kf2 Nc4 17. Bf3 b5 18. Re1 Rb8 19. b4 a5 20. a3 Ra8 21. Re2 g5 22. Nb3 axb4 23. axb4 Rxa1 24. Nxa1 gxf4 25. Nxf4 $11 Ne7 26. Kg1 e5 27. Qe1 e4 28. Qg3+ Kh8 29. Bh5 Nf5 30. Qf2 e3 31. Qf3 Nd2 32. Qg4 Rg8 33. Ng6+ hxg6 34. Bxg6 Nh6 35. Qh5 Qf4 36. h3 Nf1 37. Ra2 Ng3 0-1

[Event "5th Ordu Open 2019"]
[Site "Ordu"]
[Date "2019.04.30"]
[Round "2.6"]
[White "Kamer, Kayra"]
[Black "Asgari, Morteza"]
[Result "0-1"]
[ECO "B59"]
[WhiteElo "2379"]
[BlackElo "2248"]
[Annotator "NA"]
[PlyCount "102"]
[EventDate "2019.04.29"]
[EventType "swiss"]
[EventCountry "TUR"]
[SourceTitle "playchess.com"]
[Source "ChessBase"]
[SourceQuality "1"]
[TimeControl "5400+30"]

1. e4 c5 2. Nf3 d6 3. d4 cxd4 4. Nxd4 Nf6 5. Nc3 Nc6 6. Be2 e5 7. Nb3 Be7 8. Be3 Be6 9. Bf3 {[%emt 0:01:00] B59: Classical Sicilian: 6 Be2 e5 7 Nb3} (9. Qd2 O-O 10. O-O a5 11. Rad1 a4 12. Nc1 a3 13. b3 Rc8 14. Bf3 Nb4 15. Nd5 Bxd5 16. Qxb4 Bc6 17. Ne2 Qe8 18. Ng3 d5 19. Qa5 {½-½ (61) Katz,A (2433)-Le,Q (2714) Burlingame 2019}) 9... O-O 10. g4 (10. O-O $11) 10... a5 11. g5 Nd7 12. h4 a4 13. Nc1 a3 $146 ({Predecessor:} 13... f5 14. exf5 Bxf5 15. Nd5 e4 16. Nxe7+ Qxe7 17. Qd5+ {0-1 (30) Larsplass,E (1663)-Johansen,A (1621) Oslo 2008}) 14. b3 Nd4 15. Bxd4 ({White should try} 15. Bg2 $1 $11) 15... exd4 16. Qxd4 Ne5 ({Black should try} 16... f6 $17 17. g6 hxg6) 17. Be2 ({Better is} 17. Bg2 $1 $11) 17... Qc7 18. f4 (18. Qe3 $15) 18... Rfc8 19. Nd1 (19. f5 $15) 19... Nc6 (19... Qxc2 $19 20. fxe5 dxe5) 20. Qd2 {[%emt 0:01:30] [#]} d5 $1 21. exd5 Bxd5 22. O-O ({Avoid the trap} 22. Qxd5 $2 Nb4 $19) 22... Nd4 23. c4 $2 ({Don't go for} 23. Qxd4 $2 Bc5 $19) (23. c3 $17 {was necessary.} Qd7 24. Ne3) 23... Be4 24. Nf2 ({Don't blunder} 24. Qxd4 $2 Bc5 $19) 24... Rd8 25. Nxe4 Nf3+ $1 {[%emt 0:00:30] Discovered Attack} 26. Bxf3 Rxd2 27. Nxd2 Qb6+ 28. Rf2 Bc5 29. Nd3 Bxf2+ 30. Nxf2 Qd4 31. Rd1 Qb2 32. Bxb7 Rd8 33. Bd5 Qxa2 34. Nb1 Kf8 35. b4 Qb3 $19 36. Nxa3 Qxa3 37. b5 Qg3+ 38. Kf1 Qxh4 39. b6 Qxf4 40. b7 Qxg5 41. c5 Qf4 42. c6 Ke7 43. Kg2 Kd6 44. Ne4+ Kc7 45. Nc5 Qg4+ 46. Kf2 Qxd1 47. Na6+ Kb6 48. c7 Qc2+ 49. Ke3 Qxc7 50. Nxc7 Kxc7 51. Bf3 Rb8 0-1

[Event "5th Ordu Open 2019"]
[Site "Ordu"]
[Date "2019.04.30"]
[Round "2.7"]
[White "Gunduz, Umut Erdem"]
[Black "Tanriverdi, Enes"]
[Result "0-1"]
[ECO "B96"]
[WhiteElo "2216"]
[BlackElo "2348"]
[Annotator "NA"]
[PlyCount "100"]
[EventDate "2019.04.29"]
[EventType "swiss"]
[EventCountry "TUR"]
[SourceTitle "playchess.com"]
[Source "ChessBase"]
[SourceQuality "1"]
[TimeControl "5400+30"]

1. e4 c5 2. Nf3 d6 3. d4 cxd4 4. Nxd4 Nf6 5. Nc3 a6 6. Bg5 e6 7. f4 h6 8. Bh4 Qb6 9. Qd3 {[%emt 0:01:30] B96: Sicilian Najdorf: 6 Bg5 e6 7 f4, lines other than 7...Qb6 and 7...Be7} (9. a3 Be7 10. Bf2 Qc7 11. Qf3 Nbd7 12. O-O-O b5 13. g4 Bb7 14. h4 Nc5 15. Bd3 h5 16. g5 Ng4 17. Rhg1 {½-½ (25) Grischuk,A (2766)-Vachier Lagrave,M (2779) Saint Louis 2018}) 9... Nbd7 10. O-O-O Be7 11. f5 e5 12. Nb3 Qc7 13. Be2 b5 14. a3 Bb7 15. Bf3 $146 ({Predecessor:} 15. g4 Rc8 16. Kb1 Nxe4 17. Nxe4 Bxe4 18. Qxe4 Bxh4 {0-1 (30) Zwirs,N (2324)-Guliyev,N (2549) Hilversum 2015}) 15... Bc6 16. Kb1 (16. g4 $11) 16... Rb8 (16... O-O $15) 17. Be1 Nb6 (17... b4 $17 18. axb4 Rxb4) 18. Na5 Bd7 19. Bh4 Na4 20. Nxa4 bxa4 21. Nc4 O-O 22. Bxf6 Bxf6 23. Nxd6 Rb6 24. Rd2 Bg5 25. Nc4 Bb5 26. Nxb6 Bxd3 27. Nd5 Qb7 28. Rxd3 Rb8 29. b3 axb3 30. Rxb3 Qa7 31. Rd1 a5 32. a4 Rc8 33. Rdd3 Qg1+ 34. Rd1 Qf2 35. Rc3 Rxc3 $19 {[%emt 0:04:30] and life is good for Black.} (35... Qc5 $4 ) 36. Nxc3 Qc5 (36... Qb6+ 37. Nb5 Qc5) 37. Nd5 Qa3 38. h4 Bxh4 39. Rd3 Qxa4 40. Rb3 Qd7 41. Be2 a4 42. Rb4 Qa7 43. Bc4 Qg1+ 44. Ka2 $19 Qxg2 45. Rb8+ Kh7 46. Ne3 Qxe4 47. Bxf7 h5 48. Bg6+ Kh6 49. Rh8+ Kg5 50. Rxh5+ Kf6 0-1

[Event "5th Ordu Open 2019"]
[Site "Ordu"]
[Date "2019.04.30"]
[Round "2.8"]
[White "Lortkipanidze, Nodar"]
[Black "Yuksel, Atilla Koksal"]
[Result "1/2-1/2"]
[ECO "A03"]
[WhiteElo "2320"]
[BlackElo "2248"]
[Annotator "NA"]
[PlyCount "172"]
[EventDate "2019.04.29"]
[EventType "swiss"]
[EventCountry "TUR"]
[SourceTitle "playchess.com"]
[Source "ChessBase"]
[SourceQuality "1"]
[TimeControl "5400+30"]

1. Nf3 c5 2. b3 Nc6 3. Bb2 d5 4. e3 Nf6 5. Bb5 Bd7 6. O-O e6 7. Bxc6 Bxc6 8. Ne5 Bd6 9. Nxc6 bxc6 10. f4 O-O 11. Nc3 {[%emt 0:03:30] A03: Bird's Opening with 1...d5} e5 12. fxe5 (12. Na4 exf4 13. exf4 Re8 14. Qf3 Rb8 15. Rae1 c4 16. Rxe8+ Nxe8 17. Re1 Bf8 18. Bd4 a6 {0-1 (48) Avdic,M (2293)-Nurkic,S (2368) Tuzla 2009}) 12... Bxe5 13. Na4 Bxb2 14. Nxb2 Qd6 $146 ({Predecessor:} 14... c4 15. bxc4 d4 16. Qf3 dxe3 17. dxe3 Re8 18. Nd3 Qe7 {0-1 (30) Ashcar,D (1685)-Caldeira,T (2009) Sao Paulo 2015}) 15. Qf3 Ne4 16. Rad1 Rae8 17. Na4 c4 18. d3 cxd3 19. cxd3 Nc5 20. Nxc5 Qxc5 21. d4 Qa3 22. Rd2 Re4 23. Rc2 Qe7 24. Rxc6 Rxe3 25. Qxd5 Re1 26. Qf3 Rxf1+ 27. Qxf1 Rd8 28. Rc4 Rxd4 29. Rc8+ Rd8 30. Qe2 Qd7 31. Rxd8+ Qxd8 32. Qe3 Qd7 33. h3 g6 34. Qf4 Qe7 35. b4 Qd7 36. Qb8+ Kg7 37. Qe5+ Kg8 38. b5 Qd1+ 39. Kh2 Qa4 40. Qd5 Qf4+ 41. Kg1 Qe3+ 42. Kf1 Kg7 43. Qc4 Qa3 44. Ke2 h5 45. Kd1 Kg8 46. Kc2 Qg3 47. Qd5 Qa3 48. Qb3 Qc5+ 49. Kd3 Qf2 50. Qd5 Qg3+ 51. Kc4 Qa3 52. Qd2 Kh7 53. Kd5 Qe7 54. Kc6 Qe6+ 55. Kc5 Qb6+ 56. Kb4 Qc7 57. Qd5 Qe7+ 58. Kc4 Qc7+ 59. Kb3 Qe7 60. a4 Qe3+ 61. Kc4 Qc1+ 62. Kb4 Qe1+ 63. Kc5 Qf2+ 64. Kc6 Qc2+ 65. Kb7 Qxa4 66. Qxf7+ Kh6 67. Qd5 Qa5 68. Qc6 Qa3 69. Ka8 Qe3 70. Qb7 Qc5 71. h4 Qb4 72. Qc8 Qd4 73. Qg8 Qe4+ 74. Kxa7 Qe7+ 75. Kb6 Qd6+ 76. Kb7 Qe7+ 77. Kc6 Qf6+ 78. Kc5 Qf2+ 79. Kb4 Qd2+ 80. Ka4 Qd4+ 81. Ka5 Qa7+ 82. Kb4 Qe7+ 83. Kc3 Qe3+ 84. Kc4 Qe4+ 85. Kc5 Qe7+ $11 86. Kc6 Qf6+ 1/2-1/2

[Event "5th Ordu Open 2019"]
[Site "Ordu"]
[Date "2019.04.30"]
[Round "2.11"]
[White "Neverov, Valeriy"]
[Black "Dogan, Nazmi Can"]
[Result "1/2-1/2"]
[ECO "E62"]
[WhiteElo "2495"]
[BlackElo "2214"]
[Annotator "RC"]
[PlyCount "120"]
[EventDate "2019.04.29"]
[EventType "swiss"]
[EventCountry "TUR"]
[SourceTitle "playchess.com"]
[Source "ChessBase"]
[SourceQuality "1"]
[TimeControl "5400+30"]

1. d4 Nf6 2. Nf3 g6 3. c4 Bg7 4. g3 O-O 5. Bg2 d6 6. O-O c6 7. Nc3 Bf5 8. b3 Ne4 9. Bb2 Nxc3 10. Bxc3 Be4 11. e3 Nd7 12. Qe2 e6 13. Rac1 a5 14. Bh3 Bxf3 15. Qxf3 d5 16. e4 Nf6 17. exd5 exd5 18. Qd3 a4 19. Rfd1 Re8 20. Be1 Qe7 21. Bf1 Qa3 22. Qc2 axb3 23. axb3 h5 24. Rb1 h4 25. Bg2 hxg3 26. hxg3 Re6 27. Bc3 Qd6 28. Re1 Rae8 29. Rxe6 Rxe6 30. Ra1 Qe7 31. Bf3 Ne4 32. cxd5 cxd5 33. Qd3 Rc6 34. Be1 Qe6 35. Bg2 Kh7 36. Rd1 f5 37. f3 Nf6 38. Bf2 Qc8 39. Re1 Rc1 40. Bf1 Bf8 41. Kg2 Qc7 42. Qb5 Bd6 43. Bd3 Nh5 44. Qxd5 Bxg3 45. Qc4 Qd6 46. Qc5 Nf4+ 47. Kxg3 Qxc5 48. dxc5 Nxd3 49. f4 Kg8 50. Be3 Kf7 51. Kh4 Nb4 52. Bd2 Nd5 53. b4 Nf6 54. b5 Ne4 55. c6 bxc6 56. bxc6 Ke7 57. Bb4+ Kd8 58. Ba5+ Ke7 59. Bb4+ Kd8 60. Ba5+ Ke7 1/2-1/2

[Event "5th Ordu Open 2019"]
[Site "Ordu"]
[Date "2019.04.30"]
[Round "2.12"]
[White "Hamidi, Amir Mohammad"]
[Black "Mazur, Stefan"]
[Result "1/2-1/2"]
[ECO "C47"]
[WhiteElo "2217"]
[BlackElo "2435"]
[Annotator "ChessBase"]
[PlyCount "108"]
[EventDate "2019.04.29"]
[EventType "swiss"]
[EventCountry "TUR"]
[SourceTitle "playchess.com"]
[Source "ChessBase"]
[SourceQuality "1"]
[TimeControl "5400+30"]

1. e4 e5 2. Nf3 Nc6 3. Nc3 Nf6 4. d4 exd4 5. Nxd4 Bb4 6. Nxc6 bxc6 7. Bd3 d5 8. exd5 O-O 9. O-O cxd5 10. h3 c6 11. Qf3 Bd6 12. Bf4 Rb8 13. b3 Bxf4 14. Qxf4 Be6 15. Na4 Qa5 16. Qd6 Rbc8 17. Qc5 Qc7 18. b4 Nd7 19. Qd4 c5 20. Nxc5 Nxc5 21. Qxc5 Qxc5 22. bxc5 Rxc5 23. Rfb1 g6 24. Rb5 Rxb5 25. Bxb5 Rb8 26. Ba4 Kg7 27. Bb3 Kf6 28. Kf1 a5 29. Rd1 Ke5 30. c3 Rc8 31. Rd3 Rc5 32. Ke1 Bd7 33. Kd2 a4 34. Bc2 Rc4 35. Re3+ Kd6 36. Re1 h5 37. Bd3 Rf4 38. Ke3 g5 39. a3 Bc6 40. f3 Kc5 41. Rb1 h4 42. Rb4 Rf6 43. Rg4 Re6+ 44. Kd2 f6 45. f4 Re8 46. fxg5 fxg5 47. Rxg5 Rf8 48. Rg4 Rf2+ 49. Kc1 Bd7 50. Rg5 Bc6 51. Rg7 Rf4 52. Rg5 Rf2 53. Rg4 Bd7 54. Rg7 Bc6 1/2-1/2

[Event "5th Ordu Open 2019"]
[Site "Ordu"]
[Date "2019.04.30"]
[Round "2.13"]
[White "Sibashvili, Giorgi"]
[Black "Yasin, Hur"]
[Result "1-0"]
[ECO "A33"]
[WhiteElo "2398"]
[BlackElo "1959"]
[Annotator "NA"]
[PlyCount "93"]
[EventDate "2019.04.29"]
[EventType "swiss"]
[EventCountry "TUR"]
[SourceTitle "playchess.com"]
[Source "ChessBase"]
[SourceQuality "1"]
[TimeControl "5400+30"]

1. d4 Nf6 2. c4 c5 3. Nf3 cxd4 4. Nxd4 e6 5. Nc3 Nc6 6. g3 a6 7. Bg2 Qc7 8. O-O {[%emt 0:00:30] A33: Symmetrical English: 2 Nf3 Nf6 3 d4 cxd4 4 Nxd4 e6 5 Nc3 Nc6} d6 9. b3 Be7 10. Bb2 Bd7 11. Rc1 (11. e3 Rc8 12. Rc1 Qb8 13. Na4 Nxd4 14. Bxd4 {½-½ (27) Iturrizaga Bonelli,E (2652)-Spraggett,K (2530) Maia 2018}) 11... Qa5 12. Qd2 Rc8 13. Rfd1 Nxd4 14. Qxd4 Bc6 15. Ne4 $146 ({Predecessor:} 15. e4 O-O 16. a3 {0-1 (27) Jeanne,M (2206)-Mateo,R (2427) Cappelle-la-Grande 2013}) 15... Bxe4 16. Bxe4 e5 17. Qe3 Nxe4 18. Qxe4 Rc6 {[%emt 0:00:30] [#]} 19. c5 $1 O-O 20. cxd6 Rxd6 21. Qxe5 ({Don't take} 21. Bxe5 Re6 $16) 21... Qxe5 22. Bxe5 Re6 23. Rd5 f6 24. Bf4 Rxe2 25. Rd7 Re8 26. Rxb7 Bf8 27. a4 Re1+ 28. Rxe1 Rxe1+ 29. Kg2 Rb1 30. Be3 a5 31. Bd2 Bc5 32. Bxa5 Rb2 33. Be1 Rb1 $18 34. Bc3 Rc1 35. Bd2 Rd1 36. Bb4 Bxb4 37. Rxb4 Ra1 38. Rb7 h5 39. h4 Kh7 40. Rb5 Kg6 41. a5 Ra3 42. b4 Ra4 43. Rb6 Kf5 44. a6 Ke4 45. b5 Kd5 46. Rb7 Kc5 47. a7 1-0

[Event "5th Ordu Open 2019"]
[Site "Ordu"]
[Date "2019.04.30"]
[Round "2.14"]
[White "Kilic, Efe Mert"]
[Black "Rzayev, Askar Aliakbar"]
[Result "1/2-1/2"]
[ECO "B12"]
[WhiteElo "2248"]
[BlackElo "2085"]
[Annotator "NA"]
[PlyCount "41"]
[EventDate "2019.04.29"]
[EventType "swiss"]
[EventCountry "TUR"]
[SourceTitle "playchess.com"]
[Source "ChessBase"]
[SourceQuality "1"]
[TimeControl "5400+30"]

1. e4 c6 2. d4 d5 3. e5 c5 4. c3 Nc6 5. Ne2 e6 6. f4 {[%emt 0:06:30] B12: Caro-Kann: Advance Variation} (6. Nd2 Nh6 7. Nf3 Nf5 8. Ng3 cxd4 9. Nxf5 exf5 10. cxd4 Qb6 11. Be2 h6 12. a3 g5 13. h3 {½-½ (43) Yu,Y (2764)-Ghaem Maghami,E (2537) St Petersburg 2018}) 6... h5 7. Nd2 $146 ({Predecessor:} 7. Be3 cxd4 8. Nxd4 Nge7 9. Bd3 g6 10. Nd2 Nf5 11. Nxf5 gxf5 {1-0 (43) Yu,L (2443)-Tian,T (2235) Hefei 2010}) 7... Nh6 8. Nf3 Qb6 9. g3 Nf5 10. Bg2 cxd4 11. cxd4 Bb4+ 12. Kf2 Bd7 13. h3 (13. Bd2 $11 {keeps the balance.}) 13... Be7 14. g4 Nh4 15. Kg3 Nxg2 16. Kxg2 O-O-O 17. b3 Qa6 18. Be3 hxg4 19. hxg4 Rxh1 20. Kxh1 Kb8 $15 21. a4 1/2-1/2

[Event "5th Ordu Open 2019"]
[Site "Ordu"]
[Date "2019.04.30"]
[Round "2.16"]
[White "Zahedifar, Anahita"]
[Black "Ozsakallioglu, Akin"]
[Result "1-0"]
[ECO "A68"]
[WhiteElo "2185"]
[BlackElo "2065"]
[Annotator "NA"]
[PlyCount "65"]
[EventDate "2019.04.29"]
[EventType "swiss"]
[EventCountry "TUR"]
[SourceTitle "playchess.com"]
[Source "ChessBase"]
[SourceQuality "1"]
[TimeControl "5400+30"]

1. d4 Nf6 2. c4 g6 3. Nc3 Bg7 4. e4 d6 5. f4 O-O 6. Nf3 c5 7. d5 e6 8. Be2 exd5 9. cxd5 Bg4 10. O-O Nbd7 11. h3 Bxf3 $1 12. Bxf3 Re8 13. Re1 a6 14. a4 Rb8 15. a5 {[%emt 0:04:30] A68: Modern Benoni: Four Pawns Attack without 9...Re8} (15. Be3 b5 16. axb5 axb5 17. Bf2 b4 18. Na4 Kh8 19. b3 Ng8 20. Ra2 g5 21. e5 gxf4 22. exd6 Rxe1+ 23. Qxe1 {½-½ (45) Fier,A (2609)-Minasian,A (2505) Jermuk 2013}) 15... b5 16. axb6 $1 {[%emt 0:00:30] Discovered Attack} Rxb6 17. Na4 Rb4 18. Bd2 Rbxe4 $146 ({Predecessor:} 18... Rd4 19. Qc2 Bh6 20. Be3 Rb4 21. Bd2 Rd4 22. Be3 Rb4 {0-1 (41) Simantsev,M (2409)-Berelowitsch,A (2492) Kharkov 1999}) 19. Bxe4 Nxe4 $14 20. Bc3 Bh6 21. Qf3 f5 22. g4 Qe7 23. Re2 Qf7 24. Rae1 Rb8 25. g5 Bf8 26. Qd3 Rb5 27. h4 c4 28. Qd4 Qxd5 29. Qh8+ Kf7 30. Qxh7+ Ke8 31. Qxg6+ Kd8 32. Rxe4 fxe4 33. Qxe4 1-0

[Event "5th Ordu Open 2019"]
[Site "Ordu"]
[Date "2019.04.30"]
[Round "2.17"]
[White "Daghan, Devran"]
[Black "Aytekin, Murat Eren"]
[Result "0-1"]
[ECO "A41"]
[WhiteElo "1993"]
[BlackElo "2134"]
[Annotator "NA"]
[PlyCount "84"]
[EventDate "2019.04.29"]
[EventType "swiss"]
[EventCountry "TUR"]
[SourceTitle "playchess.com"]
[Source "ChessBase"]
[SourceQuality "1"]
[TimeControl "5400+30"]

1. d4 g6 2. Bf4 Bg7 3. e3 d6 4. Nf3 Nd7 5. Nbd2 e5 6. dxe5 dxe5 7. Bg5 Ne7 (7... f6 $5 8. Bh4 $8 Nh6 $11) 8. Bc4 h6 9. Bh4 O-O 10. Ne4 a6 $11 11. Qe2 Qe8 12. O-O-O Nf5 13. Rxd7 Bxd7 14. Nf6+ Bxf6 15. Bxf6 e4 16. Ne5 Be6 17. g4 Nd6 18. Bb3 Bxb3 19. axb3 Qe6 20. g5 h5 21. Rd1 a5 22. c4 b6 23. Nc6 a4 24. Ne7+ Kh7 25. Nd5 axb3 26. Bc3 Ra1+ 27. Kd2 Rxd1+ 28. Kxd1 Ne8 29. f4 c6 30. Nxb6 Nd6 31. Bf6 Rb8 32. c5 Ne8 33. Bd4 Ng7 34. Qc4 Qg4+ 35. Kd2 Ne6 36. Nd7 Qg2+ 37. Ke1 Ra8 38. Nf6+ Kg7 39. Nd7+ Kg8 40. Nf6+ Kf8 41. Qe2 Qg1+ 42. Kd2 Nxd4 0-1

[Event "5th Ordu Open 2019"]
[Site "Ordu"]
[Date "2019.04.30"]
[Round "2.18"]
[White "Uzunoglu, Efe Kerem"]
[Black "Alumert, Orkun Efe"]
[Result "1/2-1/2"]
[ECO "A48"]
[WhiteElo "2106"]
[BlackElo "2045"]
[Annotator "NA"]
[PlyCount "47"]
[EventDate "2019.04.29"]
[EventType "swiss"]
[EventCountry "TUR"]
[SourceTitle "playchess.com"]
[Source "ChessBase"]
[SourceQuality "1"]
[TimeControl "5400+30"]

1. d4 Nf6 2. Nf3 g6 3. Bf4 Bg7 4. e3 O-O 5. Be2 d6 6. O-O Nc6 7. h3 Nd7 8. c4 e5 9. Bh2 exd4 10. exd4 Qf6 11. Nc3 Nxd4 12. Nxd4 Qxd4 13. Nd5 Qxd1 14. Raxd1 c6 $1 15. Ne7+ Kh8 16. Bxd6 Re8 17. Bf3 Ne5 18. Bxe5 Bxe5 $11 19. Nxc8 Raxc8 20. Rd7 Rc7 21. Rfd1 Rec8 22. b4 Rxd7 23. Rxd7 Rc7 24. Rxc7 1/2-1/2

[Event "5th Ordu Open 2019"]
[Site "Ordu"]
[Date "2019.04.30"]
[Round "2.19"]
[White "Hajiyev, Shahin"]
[Black "Unat, Can Haktan"]
[Result "1/2-1/2"]
[ECO "D86"]
[WhiteElo "1972"]
[BlackElo "2110"]
[Annotator "NA"]
[PlyCount "58"]
[EventDate "2019.04.29"]
[EventType "swiss"]
[EventCountry "TUR"]
[SourceTitle "playchess.com"]
[Source "ChessBase"]
[SourceQuality "1"]
[TimeControl "5400+30"]

1. d4 Nf6 2. c4 g6 3. Nc3 d5 4. cxd5 Nxd5 5. e4 Nxc3 6. bxc3 Bg7 7. Bc4 O-O 8. Ne2 Nc6 9. O-O b6 10. Bg5 Bb7 11. Qd2 {[%emt 0:00:30] D86: Exchange Grünfeld: Classical Line (7 Bc4)} Qd6 12. Bh6 (12. Rad1 e5 13. Ba6 Na5 14. Bxb7 Nxb7 15. Bh6 Rfe8 16. Bxg7 Kxg7 17. Ng3 Rad8 18. f4 exd4 19. cxd4 {1-0 (38) Ivanchuk,V (2714)-Svidler,P (2713) Wijk aan Zee 1999}) 12... e5 13. Bxg7 Kxg7 14. Bd5 $146 ({Predecessor:} 14. f4 exd4 15. cxd4 Na5 16. Bd3 f5 17. d5 fxe4 18. Bxe4 Rae8 19. Bf3 c5 {0-1 (36) Celestino,G (2206)-Ripari,M (2324) Mar del Plata 2006}) 14... Na5 15. Bxb7 Nxb7 16. f4 exd4 17. cxd4 f6 18. Qc3 c5 19. Rad1 Rad8 (19... Rae8 $11) 20. d5 Rfe8 $16 21. Ng3 b5 22. h4 c4 23. Qf3 Nc5 24. h5 Nd3 25. Qg4 Qc5+ 26. Kh2 Qc8 27. Nf5+ Kf7 28. hxg6+ hxg6 29. Nh6+ Kg7 1/2-1/2

[Event "5th Ordu Open 2019"]
[Site "Ordu"]
[Date "2019.04.30"]
[Round "3.2"]
[White "Pacher, Milan"]
[Black "Asgari, Morteza"]
[Result "1-0"]
[ECO "D96"]
[WhiteElo "2391"]
[BlackElo "2248"]
[Annotator "NA"]
[PlyCount "91"]
[EventDate "2019.04.29"]
[EventType "swiss"]
[EventCountry "TUR"]
[SourceTitle "playchess.com"]
[Source "ChessBase"]
[SourceQuality "1"]
[TimeControl "5400+30"]

1. d4 Nf6 2. c4 g6 3. Nc3 d5 4. Nf3 Bg7 5. Qb3 dxc4 6. Qxc4 Be6 7. Qb5+ Nc6 (7... Bd7 $5 8. Qxb7 Bc6 $14) 8. Qxb7 Bd7 9. Qb3 Rb8 10. Qd1 Bf5 11. Qa4 $14 Bd7 12. e3 Nb4 13. Bb5 c6 14. Qxb4 cxb5 15. Ne5 a5 16. Qb3 Be6 17. Qd1 b4 18. Na4 Bd5 19. O-O O-O 20. b3 Nd7 21. Nxd7 Qxd7 22. Bb2 f5 23. Rc1 Bc6 24. Nc5 Qd5 25. f3 Bh6 26. Re1 Rbc8 27. Rc2 e5 28. e4 fxe4 29. Nxe4 exd4 30. Bxd4 Rcd8 31. Qa1 Qxd4+ 32. Qxd4 Rxd4 33. Rxc6 a4 34. bxa4 Ra8 35. Nf6+ Kh8 36. a5 Rd2 37. Rc7 Bg7 38. Ng4 Rxa2 39. Ree7 Bd4+ 40. Kf1 h5 41. Nh6 Ra1+ 42. Ke2 Bg7 43. Rxg7 Re8+ 44. Kf2 Ra2+ 45. Kg3 h4+ 46. Kh3 1-0